| TOP OF THE 1ST |
|
Sumter Gamecocks batting - Pitching for Anderson Rebels : LHP Louis Whetstone
|
|
Pitching: LHP Louis Whetstone
|
|
|
Batting: SHB John Cangelosi
|
0-0: Ball 1-0: Called Strike 1-1: Ball 2-1: Foul Ball, location: 2F 2-2: Fly out, F8 (Flyball, 78M, EV 89.4 MPH)
|
|
Batting: LHB Antonio Tapia
|
0-0: Ground out 1-3 (Groundball, P, EV 68.1 MPH)
|
|
Batting: RHB Randy Washington
|
0-0: Called Strike 0-1: Called Strike 0-2: Ball 1-2: SINGLE (Flyball, 56D, EV 88.8 MPH)
|
|
Batting: RHB Kelly Gruber
|
0-0: Ground out 5-3 (Groundball, 56S, EV 73.8 MPH)
|
| Top of the 1st over - 0 runs, 1 hit, 0 errors, 1 left on base; Sumter 0 - Anderson 0 |
| BOTTOM OF THE 1ST |
|
Anderson Rebels batting - Pitching for Sumter Gamecocks : LHP Daniel Ortega
|
|
Pitching: LHP Daniel Ortega
|
|
|
Batting: RHB Henry Cotto
|
0-0: Called Strike 0-1: Ball 1-1: Ball 2-1: Bunt for hit to P - play at first, batter OUT! 1-3
|
|
Batting: RHB Guillermo Montiel
|
0-0: DOUBLE (Line Drive, 9LM, EV 107.5 MPH)
|
|
Batting: RHB Mike Gallego
|
0-0: Called Strike Guillermo Montiel is caught stealing 3rd base 2-5 0-1: Ball 1-1: Ground out 5-3 (Groundball, 5S, EV 83.1 MPH)
|
| Bottom of the 1st over - 0 runs, 1 hit, 0 errors, 0 left on base; Sumter 0 - Anderson 0 |
| TOP OF THE 2ND |
|
Sumter Gamecocks batting - Pitching for Anderson Rebels : LHP Louis Whetstone
|
|
Batting: LHB Mark Gerard
|
0-0: Ball 1-0: Fly out, F7 (Flyball, 7, EV 93.8 MPH)
|
|
Batting: RHB Jerry Hidalgo
|
0-0: Ball 1-0: Ball 2-0: Called Strike 2-1: Swinging Strike 2-2: Fly out, F9 (Flyball, 9LS, EV 83.8 MPH)
|
|
Batting: LHB Rick Siriano
|
0-0: Ball 1-0: Fly out, F7 (Flyball, 7LS, EV 93.8 MPH)
|
| Top of the 2nd over - 0 runs, 0 hits, 0 errors, 0 left on base; Sumter 0 - Anderson 0 |
| BOTTOM OF THE 2ND |
|
Anderson Rebels batting - Pitching for Sumter Gamecocks : LHP Daniel Ortega
|
|
Batting: RHB Steve Lombardozzi
|
0-0: Ball 1-0: Ball 2-0: Ball 3-0: Base on Balls
|
|
Batting: RHB Juan Blanco
|
0-0: Swinging Strike 0-1: Ball 1-1: Called Strike 1-2: Ball 2-2: Ball 3-2: Foul Ball, location: 2F 3-2: Foul Ball, location: 2F 3-2: Foul Ball, location: 2F 3-2: Foul Ball, location: 2F 3-2: Base on Balls Steve Lombardozzi to second
|
|
Batting: LHB James Beck
|
0-0: Foul Ball, location: 2F 0-1: Foul Ball, location: 2F 0-2: Ball 1-2: Foul Ball, location: 2F 1-2: Foul Ball, location: 2F 1-2: Fly out, F9 (Flyball, 9D, EV 110.0 MPH) Runner from 2nd tags up, SAFE at 3rd, no throw by RF
|
|
Batting: RHB Todd Demeter
|
0-0: Ball 1-0: Ball 2-0: Foul Ball, location: 2F 2-1: Ball 3-1: Foul Ball, location: 2F 3-2: Ground out 4-3 (Groundball, 4, EV 100.0 MPH) Steve Lombardozzi scores Juan Blanco to second
|
|
Batting: RHB Roberto Dennis
|
0-0: SINGLE (Line Drive, 7S, EV 104.4 MPH) Juan Blanco to third Runner from 3rd tries for Home, SAFE, throw by LF to home Roberto Dennis to second
|
|
Batting: RHB Pat Dempsey
|
0-0: Ground out 6-3 (Groundball, 56, EV 85.6 MPH)
|
| Bottom of the 2nd over - 2 runs, 1 hit, 0 errors, 1 left on base; Sumter 0 - Anderson 2 |
| TOP OF THE 3RD |
|
Sumter Gamecocks batting - Pitching for Anderson Rebels : LHP Louis Whetstone
|
|
Batting: RHB Aldo Bagiotti
|
0-0: Fly out, F6 (Flyball, 6D, EV 77.5 MPH)
|
|
Batting: RHB Juan Hernandez
|
0-0: Swinging Strike 0-1: Swinging Strike 0-2: Fly out, F8 (Line Drive, 8RD, EV 91.3 MPH)
|
|
Batting: SHB John Cangelosi
|
0-0: Ball 1-0: Called Strike 1-1: Ground out 6-3 (Groundball, 6, EV 85.6 MPH)
|
| Top of the 3rd over - 0 runs, 0 hits, 0 errors, 0 left on base; Sumter 0 - Anderson 2 |
| BOTTOM OF THE 3RD |
|
Anderson Rebels batting - Pitching for Sumter Gamecocks : LHP Daniel Ortega
|
|
Batting: RHB Henry Cotto
|
0-0: Called Strike 0-1: Ground out 1-3 (Groundball, 13S, EV 64.4 MPH)
|
|
Batting: RHB Guillermo Montiel
|
0-0: Fly out, F8 (Line Drive, 8RM, EV 93.1 MPH)
|
|
Batting: RHB Mike Gallego
|
0-0: Swinging Strike 0-1: Called Strike 0-2: Ground out 3-1 (Groundball, 34, EV 100.0 MPH)
|
| Bottom of the 3rd over - 0 runs, 0 hits, 0 errors, 0 left on base; Sumter 0 - Anderson 2 |
| TOP OF THE 4TH |
|
Sumter Gamecocks batting - Pitching for Anderson Rebels : LHP Louis Whetstone
|
|
Batting: LHB Antonio Tapia
|
0-0: Ball 1-0: Foul Ball, location: 2F 1-1: Foul Ball, location: 2F 1-2: Ball 2-2: Fly out, F5 (Flyball, 5D, EV 73.1 MPH)
|
|
Batting: RHB Randy Washington
|
0-0: Fly out, F7 (Flyball, 7, EV 86.3 MPH)
|
|
Batting: RHB Kelly Gruber
|
0-0: Ball 1-0: Called Strike 1-1: Ball 2-1: Ball 3-1: Foul Ball, location: 2F 3-2: Base on Balls
|
|
Batting: LHB Mark Gerard
|
0-0: Ball 1-0: Foul Ball, location: 2F 1-1: Ball 2-1: Fly out, F7 (Flyball, 78D, EV 88.8 MPH)
|
| Top of the 4th over - 0 runs, 0 hits, 0 errors, 1 left on base; Sumter 0 - Anderson 2 |
| BOTTOM OF THE 4TH |
|
Anderson Rebels batting - Pitching for Sumter Gamecocks : LHP Daniel Ortega
|
|
Batting: RHB Steve Lombardozzi
|
0-0: Called Strike 0-1: Ball 1-1: Foul Ball, location: 2F 1-2: Ball 2-2: Strikes out swinging
|
|
Batting: RHB Juan Blanco
|
0-0: Called Strike 0-1: Ball 1-1: SINGLE (Flyball, 5D, EV 89.4 MPH)
|
|
Batting: LHB James Beck
|
0-0: Ball Juan Blanco is caught stealing 2nd base 2-6 1-0: Called Strike 1-1: Fly out, F4 (Popup, 4, EV 59.4 MPH)
|
| Bottom of the 4th over - 0 runs, 1 hit, 0 errors, 0 left on base; Sumter 0 - Anderson 2 |
| TOP OF THE 5TH |
|
Sumter Gamecocks batting - Pitching for Anderson Rebels : LHP Louis Whetstone
|
|
Batting: RHB Jerry Hidalgo
|
0-0: Ball 1-0: Foul Ball, location: 2F 1-1: Foul Ball, location: 2F 1-2: Foul Ball, location: 2F 1-2: Ball 2-2: Foul Ball, location: 2F 2-2: Ball 3-2: Base on Balls
|
|
Batting: LHB Rick Siriano
|
0-0: Ball 1-0: Bunted foul 1-1: Bunt missed! 1-2: Ball 2-2: Ball 3-2: Strikes out looking Jerry Hidalgo is caught stealing 2nd base 2-6 Batter strikes out.
|
|
Batting: RHB Aldo Bagiotti
|
0-0: Ball 1-0: Called Strike 1-1: Ball 2-1: Foul Ball, location: 2F 2-2: Strikes out looking
|
| Top of the 5th over - 0 runs, 0 hits, 0 errors, 0 left on base; Sumter 0 - Anderson 2 |
| BOTTOM OF THE 5TH |
|
Anderson Rebels batting - Pitching for Sumter Gamecocks : LHP Daniel Ortega
|
|
Batting: RHB Todd Demeter
|
0-0: Ball 1-0: Ball 2-0: Ball 3-0: Base on Balls
|
|
Batting: RHB Roberto Dennis
|
0-0: Ground out 4-3 (Groundball, 34, EV 103.1 MPH) Todd Demeter to second
|
|
Batting: RHB Pat Dempsey
|
0-0: Ball 1-0: Foul Ball, location: 2F 1-1: Ground out 3-1 (Groundball, 34S, EV 61.9 MPH) Todd Demeter to third
|
|
Batting: RHB Henry Cotto
|
0-0: Ball 1-0: Foul Ball, location: 2F 1-1: Foul Ball, location: 2F 1-2: Ball 2-2: Ball 3-2: Base on Balls
|
|
Batting: RHB Guillermo Montiel
|
0-0: Called Strike 0-1: Foul Ball, location: 2F 0-2: Fly out, F4 (Flyball, 4D, EV 89.4 MPH)
|
| Bottom of the 5th over - 0 runs, 0 hits, 0 errors, 2 left on base; Sumter 0 - Anderson 2 |
| TOP OF THE 6TH |
|
Sumter Gamecocks batting - Pitching for Anderson Rebels : LHP Louis Whetstone
|
|
Batting: RHB Juan Hernandez
|
0-0: Called Strike 0-1: Ball 1-1: Foul Ball, location: 2F 1-2: Ball 2-2: Ground out 5-3 (Groundball, 5, EV 98.8 MPH)
|
|
Batting: SHB John Cangelosi
|
0-0: Called Strike 0-1: Ball 1-1: SINGLE (Line Drive, 5, EV 69.4 MPH) (infield hit)
|
|
Batting: LHB Antonio Tapia
|
0-0: Fielders Choice at 2nd, 4-6 (Groundball, 34, EV 103.8 MPH)
|
|
Batting: RHB Randy Washington
|
0-0: Swinging Strike 0-1: Ball 1-1: Ball 2-1: Fly out, F9 (Line Drive, 9, EV 90.6 MPH)
|
| Top of the 6th over - 0 runs, 1 hit, 0 errors, 1 left on base; Sumter 0 - Anderson 2 |
| BOTTOM OF THE 6TH |
|
Anderson Rebels batting - Pitching for Sumter Gamecocks : LHP Daniel Ortega
|
|
Batting: RHB Mike Gallego
|
0-0: Foul Ball, location: 2F 0-1: Reached on error, E9 (Flyball, 9S, EV 77.5 MPH)
|
|
Batting: RHB Steve Lombardozzi
|
0-0: Grounds into double play, 6-4-3 (Groundball, 56, EV 109.4 MPH)
|
|
Batting: RHB Juan Blanco
|
0-0: Ball 1-0: DOUBLE (Line Drive, 8LXD, EV 102.5 MPH)
|
|
Batting: LHB James Beck
|
0-0: Called Strike 0-1: Ball 1-1: SINGLE (Line Drive, 4D, EV 106.9 MPH) Juan Blanco to third Runner from 3rd tries for Home, SAFE, throw by CF to home
|
|
Batting: RHB Todd Demeter
|
0-0: Ball 1-0: Called Strike 1-1: Ball 2-1: Called Strike 2-2: Foul Ball, location: 2F 2-2: Foul Ball, location: 2F 2-2: Fly out, F9 (Flyball, 9S, EV 93.1 MPH)
|
| Bottom of the 6th over - 1 run, 2 hits, 1 error, 1 left on base; Sumter 0 - Anderson 3 |
| TOP OF THE 7TH |
|
Sumter Gamecocks batting - Pitching for Anderson Rebels : LHP Louis Whetstone
|
|
Batting: RHB Kelly Gruber
|
0-0: SINGLE (Groundball, 4MD, EV 97.5 MPH)
|
|
Batting: LHB Mark Gerard
|
0-0: Ball 1-0: Called Strike 1-1: Ball 2-1: Swinging Strike 2-2: Ball 3-2: Fly out, F7 (Flyball, 78S, EV 82.5 MPH)
|
|
Batting: RHB Jerry Hidalgo
|
0-0: Ball 1-0: Swinging Strike 1-1: Ball 2-1: Fly out, F8 (Flyball, 8RXD, EV 81.9 MPH)
|
|
Batting: LHB Rick Siriano
|
0-0: Swinging Strike 0-1: Ball 1-1: Ball 2-1: Foul Ball, location: 2F 2-2: Foul Ball, location: 2F 2-2: Ball 3-2: Foul Ball, location: 2F 3-2: Foul Ball, location: 2F 3-2: Ground out 4-3 (Groundball, 4, EV 81.3 MPH)
|
| Top of the 7th over - 0 runs, 1 hit, 0 errors, 1 left on base; Sumter 0 - Anderson 3 |
| BOTTOM OF THE 7TH |
|
Anderson Rebels batting - Pitching for Sumter Gamecocks : LHP Daniel Ortega
|
|
Batting: RHB Roberto Dennis
|
0-0: SINGLE (Groundball, 25, EV 68.8 MPH) (infield hit)
|
|
Batting: RHB Pat Dempsey
|
0-0: Ball 1-0: Fielders Choice at 2nd, 5-4 (Groundball, 5L, EV 84.4 MPH)
|
|
Batting: RHB Henry Cotto
|
0-0: Ball 1-0: Called Strike 1-1: Ball 2-1: Swinging Strike 2-2: Foul Ball, location: 2F 2-2: Fly out, F9 (Flyball, 89D, EV 93.1 MPH)
|
|
Batting: RHB Guillermo Montiel
|
0-0: Ball 1-0: Ball 2-0: Fly out, F8 (Flyball, 8RD, EV 105.0 MPH)
|
| Bottom of the 7th over - 0 runs, 1 hit, 0 errors, 1 left on base; Sumter 0 - Anderson 3 |
| TOP OF THE 8TH |
|
Sumter Gamecocks batting - Pitching for Anderson Rebels : LHP Louis Whetstone
|
|
Batting: RHB Aldo Bagiotti
|
0-0: Ball 1-0: Ball 2-0: Ball 3-0: Called Strike 3-1: Foul Ball, location: 2F 3-2: Foul Ball, location: 2F 3-2: Foul Ball, location: 2F 3-2: Base on Balls
|
|
Batting: RHB Juan Hernandez
|
0-0: Foul Ball, location: 2F 0-1: Ball 1-1: Called Strike 1-2: Strikes out swinging
|
|
Batting: SHB John Cangelosi
|
0-0: Called Strike 0-1: Foul Ball, location: 2F 0-2: Fly out, F8 (Flyball, 8LM, EV 96.9 MPH)
|
|
Batting: LHB Antonio Tapia
|
0-0: Called Strike 0-1: Foul Ball, location: 2F 0-2: Fly out, F7 (Flyball, 78S, EV 89.4 MPH)
|
| Top of the 8th over - 0 runs, 0 hits, 0 errors, 1 left on base; Sumter 0 - Anderson 3 |
| BOTTOM OF THE 8TH |
|
Anderson Rebels batting - Pitching for Sumter Gamecocks : LHP Daniel Ortega
|
|
Batting: RHB Mike Gallego
|
0-0: Ball 1-0: Fly out, F4 (Flyball, 34D, EV 80.0 MPH)
|
|
Batting: RHB Steve Lombardozzi
|
0-0: Ball 1-0: Ground out 4-3 (Groundball, 34, EV 85.6 MPH)
|
|
Batting: RHB Juan Blanco
|
0-0: Called Strike 0-1: Swinging Strike 0-2: Strikes out looking
|
| Bottom of the 8th over - 0 runs, 0 hits, 0 errors, 0 left on base; Sumter 0 - Anderson 3 |
| TOP OF THE 9TH |
|
Sumter Gamecocks batting - Pitching for Anderson Rebels : LHP Louis Whetstone
|
|
Batting: RHB Randy Washington
|
0-0: Called Strike 0-1: Ball 1-1: Swinging Strike 1-2: Strikes out swinging
|
|
Batting: RHB Kelly Gruber
|
0-0: Called Strike 0-1: Swinging Strike 0-2: Strikes out swinging
|
|
Batting: LHB Mark Gerard
|
0-0: Swinging Strike 0-1: Ball 1-1: Swinging Strike 1-2: Foul Ball, location: 2F 1-2: Foul Ball, location: 2F 1-2: Foul Ball, location: 2F 1-2: Strikes out looking
|
| Top of the 9th over - 0 runs, 0 hits, 0 errors, 0 left on base; Sumter 0 - Anderson 3 |
|